[Event "Late-Titled-Tuesday-Blitz-April-16-2024"]
[Site "Chess.com"]
[Date "2024.04.16"]
[Round "4"]
[White "Smiechu"]
[Black "Andrei_Skvortsov"]
[Result "0-1"]
[WhiteElo "2404"]
[BlackElo "2650"]
[TimeControl "180+1"]
[EndTime "14:38:24 PDT"]
[Termination "Andrei_Skvortsov won by checkmate"]

1. e4 d5 2. exd5 Qxd5 3. Nf3 Bg4 4. Be2 Bxf3 5. Bxf3 Qe5+ 6. Be2 Nc6 7. O-O O-O-O 8. c3 Qd6 9. d4 e5 10. Be3 exd4 11.
cxd4 Nxd4 12. Nc3 Nxe2+ 13. Qxe2 Qe6 14. Rfd1 Rxd1+ 15. Rxd1 Nf6 16. Nb5 Bc5 17. Qc2 b6 18. Bxc5 bxc5 19. Qxc5 Qb6 20. Qf5+ Kb8 21. Rd3 Re8 22.
h3 Qe6 23. Qf3 Qe1+ 24. Kh2 Qe5+ 25. g3 Qe4 26. Qd1 Qe2 27. Rd8+ Kb7 28. Qd4 Rxd8 29. Qxa7+ Kc6 30. Qxc7+ Kxb5 31. Qb7+ Kc5 32. Qc7+ Kd4 33.
Qxd8+ Nd5 34. Kg1 Qe1+ 35. Kg2 Qe4+ 36. Kg1 Qb1+ 37. Kg2 Qxb2 38. Qg5 Kc5 39. a4 Qd4 40. a5 h6 41. Qf5 g6 42. Qc2+ Qc4 43. Qd2 Qb5 44.
Qc2+ Kd6 45. Qd2 Qa6 46. Qe1 Qc6 47. Qd2 h5 48. Qe1 f5 49. h4 Nf4+ 50. Kf1 Qh1# 0-1

[Event "Late-Titled-Tuesday-Blitz-April-16-2024"]
[Site "Chess.com"]
[Date "2024.04.16"]
[Round "4"]
[White "Caterpiller35"]
[Black "Oleg_Papayan"]
[Result "1/2-1/2"]
[WhiteElo "2491"]
[BlackElo "2688"]
[TimeControl "180+1"]
[EndTime "14:38:25 PDT"]
[Termination "Game drawn by stalemate"]

1. d4 Nf6 2. Bg5 d5 3. Bxf6 gxf6 4. e3 c5 5. c4 cxd4 6. exd4 Nc6 7. Nc3 dxc4 8. d5 Ne5 9. Bxc4 Nxc4 10. Qa4+ Bd7 11. Qxc4 Qb6 12. Nge2 Rc8 13. Qd3 Qxb2 14. Rb1 Qa3 15.
Rxb7 Bh6 16. O-O Rd8 17. Rfb1 O-O 18. R1b3 Qd6 19. Ne4 Qe5 20. d6 Bc6 21. Rxe7 Bxe4 22. Qxe4 Qxe4 23. Rxe4 Rxd6 24. g3 Rd2 25. Nd4 Rc8 26.
Nf5 Bf8 27. Rg4+ Kh8 28. Rb7 Rc1+ 29. Kg2 Rcc2 30. Rf4 h6 31. Rxf7 Bc5 32. Nxh6 Rxf2+ 33. Rxf2 Rxf2+ 34. Kh3 Rxa2 35. Ng4 Bd4 36. Nxf6 Bxf6 37. Rxf6 a5 38. Ra6 a4 39. g4 a3 40. Kg3 Ra1 41. h3 a2 42. Kh4 Kg7 43. Kg5 Rh1 44. Ra7+ Kf8 45. Rxa2 Rxh3 46. Kg6 Rb3 47. g5 Rb6+ 48.
Kh5 Kg7 49. Rd2 Rc6 50. Rd7+ Kg8 51. Re7 Rb6 52. Re5 Rc6 53. Rf5 Rd6 54. Rc5 Re6 55. g6 Re1 56. Kh6 Rh1+ 57. Kg5 Rg1+ 58. Kf6 Rf1+ 59.
Rf5 Rxf5+ 60. Kxf5 Kg7 61. Kg5 Kg8 62. Kh6 Kh8 63.
g7+ Kg8 64. Kg6 1/2-1/2

[Event "Late-Titled-Tuesday-Blitz-April-16-2024"]
[Site "Chess.com"]
[Date "2024.04.16"]
[Round "4"]
[White "Slovak_fighter2000"]
[Black "FairChess_on_YouTube"]
[Result "0-1"]
[WhiteElo "2532"]
[BlackElo "3082"]
[TimeControl "180+1"]
[EndTime "14:38:27 PDT"]
[Termination "FairChess_on_YouTube won on time"]

1. d4 Nf6 2. Nf3 e6 3. c4 b6 4. g3 Bb7 5. Bg2 g6 6. Nc3 Ne4 7. Bd2 Bg7 8. O-O O-O 9. Nxe4 Bxe4 10. Bc3 d6 11. Nd2 Bxg2 12. Kxg2 Nd7 13. Nf3 f5 14. Qd3 Nf6 15. Rad1 Ne4 16. Nd2 Nxc3 17. Qxc3 Qd7 18.
Qd3 Rae8 19. e4 f4 20. Nf3 Qe7 21. g4 Qd7 22. e5 Qc6 23. exd6 cxd6 24. Rfe1 a5 25.
b3 d5 26. cxd5 exd5 27. Rxe8 Rxe8 28. Qd2 Re4 29. Rc1 Qd7 30. h3 h5 31. gxh5 gxh5 32. Qc3 Re2 33. Rc2 Rxc2 34. Qxc2 Qe6 35. Qh7+ Kf8 36. Qxh5 Qe4 37. Qg5 Bxd4 38. Qd8+ Kf7 39. Qd7+ Kg8 40. Qd8+ Kg7 41. Qd7+ Kh8 42. Qd8+ Kh7 43.
Qh4+ Kg6 44. Qg5+ Kf7 45. Qh5+ Ke7 46. Qg5+ Bf6 47. Qg8 d4 48. Qb8 d3 49. Qc7+ Kf8 50. Qb8+ Kg7 51. Qc7+ Be7 52. Qd7 Kf6 53. h4 Bc5 54.
Qg4 d2 55. Qg5+ Kf7 56. Qh5+ Ke7 57. Qg5+ Kd7 58. Qg7+ Kc6 59. Qf6+ Kb5 60. Qa1 Qe2 61. Qf1 Qxf1+ 62. Kxf1 d1=Q+ 0-1

[Event "Late-Titled-Tuesday-Blitz-April-16-2024"]
[Site "Chess.com"]
[Date "2024.04.16"]
[Round "4"]
[White "Itay121"]
[Black "Harry_Rakkel"]
[Result "0-1"]
[WhiteElo "2531"]
[BlackElo "2717"]
[TimeControl "180+1"]
[EndTime "14:38:28 PDT"]
[Termination "Harry_Rakkel won by checkmate"]

1. d4 Nf6 2. Nc3 d5 3. Bf4 a6 4. e3 e6 5. g4 Bb4 6. Bd3 c5 7. dxc5 Qa5 8. Ne2 Nbd7 9. a3 Bxc3+ 10. Nxc3 Nxc5 11. g5 Nfe4 12. b4 Nxc3 13. bxa5 Nxd1 14. Rxd1 Ke7 15. Kd2 Bd7 16. Rb1 Bc6 17. Be5 f6 18.
Bd4 Nd7 19. gxf6+ gxf6 20. Rhg1 Rag8 21. f4 e5 22. fxe5 fxe5 23. Bc3 h5 24. Bf5 Rxg1 25.
Rxg1 Kf6 26. Rf1 Kg5 27. h4+ Kxh4 28. Rg1 Rf8 29. Bxd7 Bxd7 30. Bxe5 Bg4 31. Bg3+ Kh3 32. Bf4 d4 33. Kd3 dxe3 34. Bxe3 Rf5 35. Bb6 Kh2 36. c4 Rf3+ 37. Ke4 Rxa3 38. Rc1 Bf3+ 39. Kf4 h4 40. Kg5 h3 41. Rc2+ Bg2 42. Bc7+ Kg1 43. Bb6+ Kf1 44. Rc1+ Ke2 45. Kg4 Kd2 46. Rg1 Rd3 47.
Kf4 Kc3 48. c5 h2 49. Rxg2 h1=Q 50. Rg4 Qf3+ 51. Kg5 Rd5+ 52. Kh4 Qh1+ 53. Kg3 Rd3+ 54. Kf4 Rf3+ 55. Ke5 Qh5+ 56. Rg5 Qxg5+ 57. Kd6 Qf6+ 58. Kc7 Qc6+ 59. Kb8 Rf8+ 60. Ka7 Qc8 61. Bd8 Qa8+ 62. Kb6 Qxd8+ 63. Ka7 Qb8+ 64. Kb6 Rf6+ 65. c6 Rxc6# 0-1

[Event "Late-Titled-Tuesday-Blitz-April-16-2024"]
[Site "Chess.com"]
[Date "2024.04.16"]
[Round "4"]
[White "RantomOpening"]
[Black "bipe137"]
[Result "0-1"]
[WhiteElo "2531"]
[BlackElo "2715"]
[TimeControl "180+1"]
[EndTime "14:38:28 PDT"]
[Termination "bipe137 won by resignation"]

1. c4 e6 2. Nf3 d5 3. e3 Nf6 4.
Nc3 Be7 5. b3 O-O 6. Bb2 a5 7.
d4 b6 8. Be2 Bb7 9. O-O Nbd7 10. Ne5 dxc4 11. Nxc4 Nd5 12. Bf3 N7f6 13. Nxd5 exd5 14.
Ne5 Rc8 15. Rc1 c6 16. Be2 Rc7 17. Bd3 Nd7 18. Qh5 g6 19. Qe2 f6 20. Nxg6 hxg6 21. Bxg6 Bd6 22. Qh5 Qe7 23. f4 f5 24. Rf3 Nf6 25.
Qxf5 Bc8 26. Qg5 Ne4 27. Qh5 Qf6 28. Bxe4 dxe4 29. Rg3+ Rg7 30. Rc2 Rxg3 31. hxg3 Qf5 32. Qxf5 Bxf5 33. Rxc6 Bb4 34. Kf2 Rc8 35. d5 Bd7 36.
Rxc8+ Bxc8 37. Bd4 Bc5 38. Be5 Kf7 39. Ke2 Bb7 40. Kd2 Bxd5 41. g4 Be6 42. f5 Bd5 43. Bd4 Bxd4 44. exd4 Kf6 45. Ke3 Kg5 46. f6 Kxf6 47. Kf4 Ke6 48. g5 b5 49. Kg4 a4 50.
bxa4 b4 51. a5 Bxa2 52. a6 Bd5 53. a7 b3 54. a8=Q Bxa8 0-1

[Event "Late-Titled-Tuesday-Blitz-April-16-2024"]
[Site "Chess.com"]
[Date "2024.04.16"]
[Round "4"]
[White "Rutricks"]
[Black "masterofpuppets2"]
[Result "1/2-1/2"]
[WhiteElo "2688"]
[BlackElo "2489"]
[TimeControl "180+1"]
[EndTime "14:38:28 PDT"]
[Termination "Game drawn by repetition"]

1. Nc3 d5 2. d4 Nf6 3. Bf4 c5 4. e3 Nc6 5. h4 a6 6. h5 h6 7.
Be2 cxd4 8. exd4 Bf5 9. Nf3 e6 10. Bd3 Bg4 11. Be3 Rc8 12. a3 Bd6 13. Ne2 Nxh5 14.
Qd2 Nf6 15. Rh4 Ne4 16. Bxe4 Bxf3 17. Bg5 Be7 18. Bxe7 Qxe7 19. Bxf3 Qxh4 20. O-O-O Qxf2 21. Qf4 O-O 22. Kb1 Rfe8 23. Rh1 e5 24. dxe5 Nxe5 25.
Nd4 Nxf3 26. gxf3 Qe3 27. Qg4 Qg5 28. Qd7 Qf6 29. Rd1 Red8 30. Qxb7 Rb8 31. Qa7 Qb6 32. Qxb6 Rxb6 33. b4 h5 34. Rh1 g6 35. Kb2 a5 36. c3 axb4 37. cxb4 Rc8 38. b5 Rc4 39. Rd1 h4 40. Kb3 h3 41. a4 Kg7 42. Nc6 Rcxc6 43. Kb4 Rf6 44. a5 Rbe6 45. a6 Rxa6 46. bxa6 Rxa6 47.
Rh1 Rd6 48. Kc5 Rd7 49. Kd4 f5 50. Rxh3 Kf6 51. f4 Re7 52. Kxd5 Re4 53. Rf3 Ra4 54. Rf1 Kg7 55. Ke6 Ra6+ 56. Ke5 Ra5+ 57. Ke6 Ra6+ 58. Ke5 Kf7 59. Rb1 Ra5+ 60. Kd6 Ra6+ 61. Ke5 Ra5+ 62.
Kd4 Ra4+ 63. Ke5 Ra5+ 1/2-1/2

[Event "Late-Titled-Tuesday-Blitz-April-16-2024"]
[Site "Chess.com"]
[Date "2024.04.16"]
[Round "4"]
[White "Schattman"]
[Black "Charodej1"]
[Result "0-1"]
[WhiteElo "2453"]
[BlackElo "2310"]
[TimeControl "180+1"]
[EndTime "14:38:29 PDT"]
[Termination "Charodej1 won on time"]

1. f4 e5 2. fxe5 d6 3. exd6 Bxd6 4. Nf3 Nf6 5. d4 O-O 6. Bg5 h6 7. Bh4 Re8 8. Nc3 Bf5 9. Qd2 c6 10. O-O-O Qc7 11. Kb1 Bf4 12. Qe1 Nd5 13. Nxd5 cxd5 14. Ne5 Bxc2+ 15. Ka1 Bxd1 16. Qxd1 Bxe5 17. dxe5 Qxe5 18.
Bg3 Qe6 19. e3 Nc6 20. Bb5 a6 21. Ba4 b5 22. Bc2 Rad8 23. Qd3 Qe4 24. Qc3 Qc4 25. Qd2 d4 26. Bb3 Qb4 27. Qxb4 Nxb4 28. exd4 Rxd4 29.
a3 Nd3 30. Rd1 Red8 31. Rf1 R4d7 32. Bh4 g5 33. Bg3 Nc5 34. Bc2 a5 35. h4 Rd2 36.
Kb1 b4 37. Bc7 R8d7 38. Bxa5 Rxg2 39. Bxb4 Ne6 40. hxg5 hxg5 41. Bf5 g4 42. Bc3 g3 43.
Rh1 Rh2 44. Rg1 g2 45. Ka2 Rd5 46. Be4 Rg5 47. Bd2 Rg4 48. Bc6 Rh1 49. Be3 Rxg1 50. Bxg1 Nf4 51. a4 Ne2 52. Bb6 g1=Q 53. Bxg1 Rxg1 54. a5 Nd4 55. a6 Nxc6 56. Kb3 Rg5 57. Kc4 Ra5 58. b4 Nxb4 59. Kxb4 Rxa6 0-1

[Event "Late-Titled-Tuesday-Blitz-April-16-2024"]
[Site "Chess.com"]
[Date "2024.04.16"]
[Round "4"]
[White "MeisterJabo"]
[Black "The_Machine04"]
[Result "1-0"]
[WhiteElo "2514"]
[BlackElo "2768"]
[TimeControl "180+1"]
[EndTime "14:38:30 PDT"]
[Termination "MeisterJabo won by checkmate"]

1. c4 d6 2. g3 e5 3. Bg2 g6 4.
Nc3 Bg7 5. b4 Ne7 6. Bb2 O-O 7. d3 c6 8. Nf3 d5 9. O-O d4 10. Nb1 a5 11. b5 Nd7 12. a4 c5 13. e3 Rb8 14. exd4 exd4 15. Nbd2 b6 16. Re1 Bb7 17. Ne4 Nf6 18. Nfg5 Nxe4 19. Nxe4 Nf5 20. Bc1 Re8 21. Bf4 Be5 22. Qd2 Bxf4 23. Qxf4 Bxe4 24. Bxe4 Nd6 25. Bd5 Qd7 26. h4 Rbd8 27. Bc6 Rxe1+ 28. Rxe1 Qf5 29. Qxf5 Nxf5 30. h5 Kf8 31. Kg2 Rd6 32.
Re8+ Kg7 33. g4 Nh4+ 34. Kg3 g5 35. Be4 Rf6 36. f3 h6 37. Rc8 Re6 38. Rc6 Kf6 39.
Bd5 Rxc6 40. bxc6 Ke7 41. Bxf7 Kd6 42. Bd5 Kc7 43. Be4 Kd6 44. f4 Kc7 45. fxg5 hxg5 46. h6 Kd6 47. h7 b5 48. cxb5 Ng6 49. Bxg6 c4 50. dxc4 Kc5 51. h8=Q d3 52. Qc3 Kb6 53. Qxd3 Kc5 54. c7 Kb6 55. c8=Q Ka7 56. Qd4# 1-0

[Event "Late-Titled-Tuesday-Blitz-April-16-2024"]
[Site "Chess.com"]
[Date "2024.04.16"]
[Round "4"]
[White "dropstoneDP"]
[Black "Nf3c5"]
[Result "1/2-1/2"]
[WhiteElo "3050"]
[BlackElo "2647"]
[TimeControl "180+1"]
[EndTime "14:38:31 PDT"]
[Termination "Game drawn by repetition"]

1. e4 c5 2. Nf3 Nc6 3. Bb5 Na5 4. Be2 Nf6 5. e5 Nd5 6. d4 cxd4 7. c4 Nb4 8. Nxd4 Nac6 9. Nxc6 Nxc6 10. f4 g6 11. Be3 Bg7 12. Nc3 O-O 13. O-O f6 14. exf6 Bxf6 15. Qd2 d6 16. Rad1 Be6 17. b3 Qa5 18. Ne4 Qxd2 19. Nxf6+ Rxf6 20. Rxd2 Raf8 21. Rfd1 h5 22. g3 Bg4 23. Bxg4 hxg4 24. c5 Re6 25. Bf2 dxc5 26. Bxc5 Rf5 27. Bf2 g5 28. Rd5 Rxd5 29. Rxd5 gxf4 30. gxf4 Kf7 31. Kf1 Re4 32. Rf5+ Ke6 33.
Rf8 Nd4 34. Ra8 Rxf4 35. Rxa7 b5 36. Rb7 Rf5 37. Kg2 Ne2 38. Be3 Nc3 39. Ra7 Nd5 40. Bd2 Re5 41. Kg3 Re2 42. Bh6 Nf6 43. Bf8 Ne4+ 44. Kxg4 Kd5 45. h4 Rg2+ 46. Kf3 Rf2+ 47. Ke3 Rxf8 48. Rxe7 Nd6 49. Rh7 Rf1 50. h5 Ra1 51. Ra7 Rh1 52. a4 Rh4 53. axb5 Nxb5 54. Rh7 Nd6 55. Kf3 Nf5 56. Rh8 Ke5 57. h6 Kf6 58. h7 Kg7 59. Ra8 Kxh7 60. Rb8 Kg6 61. b4 Kg5 62. Rg8+ Kf6 63. Rb8 Kg5 64. Rg8+ Kf6 65. Rb8 Kg5 1/2-1/2

[Event "Late-Titled-Tuesday-Blitz-April-16-2024"]
[Site "Chess.com"]
[Date "2024.04.16"]
[Round "4"]
[White "kingofthenil"]
[Black "OriTaichman"]
[Result "1-0"]
[WhiteElo "2804"]
[BlackElo "2561"]
[TimeControl "180+1"]
[EndTime "14:38:33 PDT"]
[Termination "kingofthenil won by checkmate"]

1. e4 c5 2. Nf3 Nc6 3. Bc4 d6 4.
O-O g6 5. c3 Nf6 6. Re1 Bg4 7.
Qb3 Bxf3 8. Bxf7+ Kd7 9. gxf3 Kc7 10. d4 cxd4 11. cxd4 Nxd4 12. Qc4+ Nc6 13. Nc3 Rc8 14. Be6 Nd7 15. Be3 Kb8 16. Qa4 a6 17. f4 Rc7 18. Nd5 Nc5 19. Bxc5 dxc5 20. Nxc7 Qxc7 21.
e5 g5 22. Rad1 Nd4 23. Rxd4 cxd4 24. fxg5 d3 25. Qd4 Bg7 26. Qxd3 Bxe5 27. h4 Bh2+ 28. Kg2 Bd6 29. Qe4 Qb6 30. b4 Rf8 31. Re2 Qb5 32. Bc4 Qxb4 33. Bd3 Qc5 34. Rb2 b5 35. a4 Rf4 36. Qe6 Rxh4 37. Rc2 Qxg5+ 38. Kf1 Rh1+ 39. Ke2 Qh5+ 40. Kd2 Bb4+ 41. Ke3 Re1+ 42.
Be2 Qg5+ 43. Kf3 Qh5+ 44. Ke3 Bc5+ 45. Kd3 Rxe2 46. Qxe2 Qh3+ 47. Ke4 Qe6+ 48. Kf3 Qf5+ 49. Kg2 Qg6+ 50. Kf1 bxa4 51. Rxc5 Qb1+ 52. Kg2 Qg6+ 53. Kf1 Qb1+ 54. Qe1 Qb6 55. Qe5+ Ka8 56. Qd5+ Ka7 57. Qd7+ Kb8 58. Rc8# 1-0

[Event "Late-Titled-Tuesday-Blitz-April-16-2024"]
[Site "Chess.com"]
[Date "2024.04.16"]
[Round "4"]
[White "Korchmar_Vasiliy"]
[Black "dretch"]
[Result "0-1"]
[WhiteElo "2714"]
[BlackElo "2920"]
[TimeControl "180+1"]
[EndTime "14:38:37 PDT"]
[Termination "dretch won on time"]

1. e4 e6 2. d4 d5 3. e5 c5 4. c3 Bd7 5. Nf3 Nc6 6. Be2 Qb6 7.
O-O Nge7 8. Na3 cxd4 9. cxd4 Ng6 10. Nc2 Nb4 11. Nxb4 Bxb4 12. h4 O-O 13. h5 Nh8 14. h6 g6 15. Bg5 Rfc8 16. Nh2 f5 17. exf6 Nf7 18. Be3 Bf8 19. Ng4 Qxb2 20. Rb1 Qxa2 21. Rxb7 Ba4 22. Qa1 Bb3 23. Qxa2 Bxa2 24. Ra1 Bc4 25.
Bd1 a5 26. Ba4 Rcb8 27. Rab1 Bd6 28. Bd7 Nd8 29. Rxb8 Rxb8 30. Ra1 Bd3 31. g3 Rb1+ 32. Rxb1 Bxb1 33. Bd2 Bb4 34. Bf4 Bf5 35. Ne5 Nf7 36. Nc6 g5 37. Bc7 Bc3 38. Bxa5 Bxa5 39. Nxa5 Nxh6 40.
Nc6 Kf7 41. f3 Kxf6 42. g4 Bg6 43. Ne5 Nf7 44. Nxf7 Bxf7 45. Kf2 e5 46. Ke3 h6 47.
Bc6 Be6 48. Bb7 Bf7 49. Bc6 Ke6 50. Bb7 Kd6 51. Ba8 Be8 52. Bb7 Bb5 53. Bc8 Bc6 54. Bf5 Bb5 55. Bc2 Bc4 56. Bf5 Bb3 57. Bg6 Bd1 58. Bf5 exd4+ 59. Kxd4 Bxf3 60. Bc8 Be4 61. Ke3 Bg6 62. Kd4 Bf7 63. Bf5 Be6 0-1

[Event "Late-Titled-Tuesday-Blitz-April-16-2024"]
[Site "Chess.com"]
[Date "2024.04.16"]
[Round "4"]
[White "VD_coach"]
[Black "TheAlienParty"]
[Result "1/2-1/2"]
[WhiteElo "2608"]
[BlackElo "2408"]
[TimeControl "180+1"]
[EndTime "14:38:37 PDT"]
[Termination "Game drawn by stalemate"]

1. d4 Nf6 2. Nf3 e6 3. c4 d5 4.
cxd5 exd5 5. Nc3 a6 6. Bg5 c6 7. e3 Bd6 8. Bd3 Nbd7 9. O-O Nf8 10. e4 dxe4 11. Nxe4 Be7 12. Re1 Ne6 13. Nxf6+ Bxf6 14.
Bxf6 Qxf6 15. d5 cxd5 16. Qa4+ Bd7 17. Qb4 Bc6 18. Ne5 a5 19. Qb6 Qd8 20. Qe3 O-O 21. Qh3 g6 22. Re3 Nf4 23. Qh6 f6 24. Qxf4 fxe5 25.
Qxe5 Qf6 26. Qxf6 Rxf6 27. Rae1 Raf8 28. f3 Kg7 29. Re7+ R8f7 30. Kf2 Rf4 31. Rxf7+ Kxf7 32. Re5 Kf6 33. Re2 Rb4 34. b3 a4 35. Rb2 a3 36.
Rc2 Ke5 37. g3 Kd4 38. Be2 Rb6 39. h4 Bb5 40. Bxb5 Rxb5 41. Ke2 Rb6 42. Rc7 Re6+ 43. Kd2 Re3 44. Rxb7 Rxf3 45. b4 Rxg3 46. Kc2 Rc3+ 47. Kb1 Rh3 48. Rc7 Kd3 49. b5 Rh1+ 50. Rc1 Rxh4 51.
b6 Rb4+ 52. Ka1 Rxb6 53. Rc3+ Ke4 54. Rc4+ Kf5 55. Rf4+ Kg5 56. Rf5+ Kg4 57. Rf4+ Kg5 58. Rf5+ Kh6 59. Rh5+ Kg7 60. Rxh7+ Kf6 61. Rf7+ Ke6 62. Rf6+ Kxf6 1/2-1/2

[Event "Late-Titled-Tuesday-Blitz-April-16-2024"]
[Site "Chess.com"]
[Date "2024.04.16"]
[Round "4"]
[White "youngdinousaur"]
[Black "zacachess"]
[Result "0-1"]
[WhiteElo "2224"]
[BlackElo "2357"]
[TimeControl "180+1"]
[EndTime "14:38:39 PDT"]
[Termination "zacachess won by resignation"]

1. d4 Nf6 2. Bg5 g6 3. Bxf6 exf6 4. c4 d5 5. cxd5 Qxd5 6. Nc3 Qd8 7. e4 Bg7 8. Bc4 O-O 9. Nf3 Bg4 10. O-O Nc6 11.
d5 Ne5 12. Be2 Bxf3 13. Bxf3 Qd7 14. Be2 f5 15. f4 Ng4 16. Bxg4 fxg4 17. e5 h5 18. Qd3 Rad8 19. Rad1 a6 20. b4 Rfe8 21. a4 Qe7 22. Qc4 g5 23. Rfe1 gxf4 24. e6 f3 25. d6 Rxd6 26. Rxd6 f2+ 27. Kxf2 cxd6 28. exf7+ Qxf7+ 29. Qxf7+ Kxf7 30. Rxe8 Kxe8 31. Nd5 Be5 32.
h3 gxh3 33. gxh3 Kd7 34. Ke3 Ke6 35. Ke4 Bb2 36. Nc7+ Kd7 37. Nd5 Kc6 38. Nf4 h4 39. Nd5 a5 40. bxa5 Kc5 41. Nf4 Bc3 42. Kd3 Bxa5 43.
Ng2 Bd8 44. Ne3 d5 45. Nf5 Bf6 46. Ne3 Bg5 47. Nf5 Bf6 48. Ne3 b6 49. Nf5 Kb4 50.
Ne3 d4 51. Nf5 Kxa4 52. Kc4 b5+ 53. Kd3 Kb3 54. Nd6 b4 55. Ne4 Ka2 56. Nc5 b3 57. Ne4 b2 58. Nxf6 b1=Q+ 59. Kxd4 Qb2+ 0-1

[Event "Late-Titled-Tuesday-Blitz-April-16-2024"]
[Site "Chess.com"]
[Date "2024.04.16"]
[Round "4"]
[White "AlexPapasimakopoulos"]
[Black "Jospem"]
[Result "0-1"]
[WhiteElo "2637"]
[BlackElo "3050"]
[TimeControl "180+1"]
[EndTime "14:38:41 PDT"]
[Termination "Jospem won by checkmate"]

1. d4 Nf6 2. c4 e6 3. Nc3 Bb4 4. Qc2 d6 5. f3 c5 6. dxc5 Bxc5 7. Na4 Nc6 8. Nxc5 dxc5 9. e3 e5 10. Bd2 Qe7 11. Ne2 Nb4 12. Qb3 O-O 13. a3 Nc6 14.
Nc3 Rd8 15. Be2 Be6 16. Qc2 Qd7 17. Rd1 Bf5 18. e4 Nd4 19. Qd3 Be6 20. Nd5 Bxd5 21. cxd5 Ne8 22. O-O Nd6 23. f4 Re8 24. f5 f6 25. Bh5 Rf8 26. h4 Qb5 27. Qxb5 N4xb5 28. Bf3 a5 29. Rc1 b6 30. Kf2 Nd4 31. Be3 Rac8 32. g4 b5 33. g5 Kh8 34. h5 fxg5 35. Bxg5 N6xf5 36. exf5 Rxf5 37. Be7 e4 38. d6 Nxf3 39.
Ke3 Ra8 40. d7 Rd5 41. Rfd1 Nd4 42. d8=Q+ Rdxd8 43. Bxd8 Rxd8 44. Kxe4 Re8+ 45. Kd5 h6 46. Rb1 Nb3 47. Re1 Rf8 48. Rf1 Rd8+ 49. Kc6 b4 50. a4 c4 51. Rbd1 Rxd1 52. Rxd1 c3 53. bxc3 bxc3 54. Kb5 c2 55. Rg1 g5 56. hxg6 Kg7 57.
Rh1 h5 58. Rg1 h4 59. Rh1 c1=Q 60. Rxc1 Nxc1 61. Kxa5 h3 62. Kb6 h2 63. a5 h1=Q 64.
Ka7 Nb3 65. a6 Nc5 66. Kb8 Nxa6+ 67. Ka7 Qb1 68. Ka8 Qb8# 0-1

[Event "Late-Titled-Tuesday-Blitz-April-16-2024"]
[Site "Chess.com"]
[Date "2024.04.16"]
[Round "4"]
[White "GMMikhailKazakov"]
[Black "Abhishek2"]
[Result "0-1"]
[WhiteElo "2506"]
[BlackElo "2386"]
[TimeControl "180+1"]
[EndTime "14:38:41 PDT"]
[Termination "Abhishek2 won by checkmate"]

1. e4 e5 2. Nf3 Nc6 3. Bc4 Nf6 4. d3 h6 5. h3 d6 6. c3 g5 7. Bb3 a5 8. Nbd2 Bg7 9. Nf1 Qe7 10. Ne3 Be6 11.
Ba4 O-O 12. O-O d5 13. exd5 Nxd5 14. Re1 Rad8 15. Nxd5 Bxd5 16. d4 Qd6 17. dxe5 Nxe5 18. Nxe5 Bxe5 19. Be3 Qf6 20. Qh5 Kg7 21. Bc2 Rde8 22.
Bc5 Rh8 23. Be3 Re6 24. a3 b6 25. Qg4 Rd6 26. Rad1 Rhd8 27. Qf5 Be6 28. Qh7+ Kf8 29. Rxd6 Rxd6 30. Qe4 Bd5 31. Qh7 Ke7 32. Bd4 Re6 33. Bxe5 Rxe5 34. Rd1 Qc6 35. Qh8 Re6 36. Qd4 Rd6 37.
Qe3+ Re6 38. Qd4 Rd6 39. Qe3+ Be6 40. Qg3 Rxd1+ 41. Bxd1 Qe4 42. Qxc7+ Kf6 43. Kh2 Qe1 44. Bf3 Qxf2 45. Qg3 Qxb2 46. Qd6 Qxc3 47. Qxb6 Qe5+ 48.
Kh1 Qa1+ 49. Kh2 Qxa3 50. Qd8+ Kg7 51. Qd4+ Kg8 52. Qd8+ Qf8 53. Qxa5 Qd6+ 54. Kh1 Qd4 55. Qa8+ Kg7 56. Qa5 Kg6 57. Kh2 h5 58. Kh1 g4 59.
hxg4 hxg4 60. Be2 g3 61. Qe1 Qh4+ 62. Kg1 Qh2+ 63. Kf1 Qh1# 0-1

[Event "Late-Titled-Tuesday-Blitz-April-16-2024"]
[Site "Chess.com"]
[Date "2024.04.16"]
[Round "4"]
[White "ChadBiryani"]
[Black "PawnEatingZombie"]
[Result "0-1"]
[WhiteElo "2460"]
[BlackElo "2262"]
[TimeControl "180+1"]
[EndTime "14:38:41 PDT"]
[Termination "PawnEatingZombie won by resignation"]

1. c4 Nf6 2. g3 g6 3. Bg2 Bg7 4. Nc3 O-O 5. d4 d6 6. h3 Nc6 7.
Nf3 e5 8. dxe5 Nxe5 9. Nxe5 dxe5 10. O-O c6 11. b3 Be6 12. Qc2 Qe7 13. a4 Rfd8 14.
Ba3 Qc7 15. Rad1 a5 16. Ne4 Nxe4 17. Qxe4 f5 18. Qe3 b6 19. g4 e4 20. gxf5 gxf5 21. Qg5 c5 22. Bb2 h6 23. Qg6 Qf7 24. Qxf7+ Kxf7 25. Bxg7 Kxg7 26. e3 Kf6 27. f3 Ke5 28. fxe4 fxe4 29.
Kf2 Rxd1 30. Rxd1 Rf8+ 31. Ke2 Rg8 32. Kf2 Rf8+ 33. Kg3 Rg8+ 34. Kh2 Rf8 35. Rd2 Rf7 36. Kg3 Rg7+ 37. Kh2 Rf7 38. h4 Rg7 39. Bh3 Bxh3 40. Kxh3 Rg1 41. Rd5+ Ke6 42. Rh5 Re1 43. Rxh6+ Ke5 44.
Rxb6 Rxe3+ 45. Kg2 Re2+ 46. Kg3 Kd4 47. h5 Re1 48.
Kg2 Re2+ 49. Kg3 Re1 50. Kg2 Re2+ 51. Kg1 Re3 52. h6 Rh3 53. Kf2 e3+ 54. Kg2 Rh5 55. Kf3 Rf5+ 56. Ke2 Rf2+ 57. Ke1 Rh2 58. Rd6+ Kc3 59.
Re6 Kxb3 60. Rxe3+ Kxc4 61. Re4+ Kb3 62. Kf1 c4 63. Re6 c3 64. Kg1 Rh3 65. Kg2 Rh5 66. Kg3 c2 67. Kg4 Rh1 68. Rb6+ Kxa4 69. Rc6 c1=Q 70.
Rf6 Qc4+ 71. Kg5 Rg1+ 72. Kf5 Qf1+ 73. Ke6 Qxf6+ 74. Kxf6 Rh1 75. Kg6 Kb3 76. Kg5 a4 77. Kg6 a3 0-1

[Event "Late-Titled-Tuesday-Blitz-April-16-2024"]
[Site "Chess.com"]
[Date "2024.04.16"]
[Round "4"]
[White "Supelyel"]
[Black "nindjaxx8"]
[Result "0-1"]
[WhiteElo "2438"]
[BlackElo "2674"]
[TimeControl "180+1"]
[EndTime "14:38:44 PDT"]
[Termination "nindjaxx8 won by checkmate"]

1. c4 e6 2. Nc3 d5 3. cxd5 exd5 4. d4 Nf6 5. Bg5 Be7 6. Bxf6 Bxf6 7. Nf3 O-O 8. e3 c6 9. Bd3 Bg4 10. Qc2 h6 11. h3 Be6 12. O-O-O Nd7 13. g4 Rc8 14. Rdg1 c5 15. h4 cxd4 16. exd4 Qb6 17. g5 Bxd4 18. gxh6 g6 19. Nxd4 Qxd4 20. Bxg6 Kh8 21.
Bd3 Ne5 22. Bf5 Qf4+ 23. Qd2 Qxd2+ 24. Kxd2 Bxf5 25. Ke3 Bh7 26. Nxd5 Nc4+ 27. Kf4 Nxb2 28. Rg7 Rc6 29. Rhg1 Nd3+ 30. Ke3 Re6+ 31. Kd4 Ne5 32. Nc7 Nf3+ 33. Kd5 Nxg1 34. Nxe6 fxe6+ 35. Kxe6 Nf3 36. Rxb7 Nxh4 37. Rxa7 Rxf2 38. a3 Bg8+ 39. Ke5 Ng6+ 40. Kd6 Rf6+ 41. Kc5 Nf4 42. a4 Rxh6 43. a5 Rh5+ 44.
Kd4 Ne6+ 45. Ke4 Nc5+ 46. Kf4 Rh6 47. Ra8 Ra6 48. Rc8 Rxa5 49. Kg5 Ne6+ 50. Kh6 Ng7 51. Rc6 Re5 52. Rc8 Nf5+ 53. Kg5 Ne7+ 54. Kf4 Re1 55. Ra8 Kg7 56. Ra7 Bd5 57. Ra5 Kf6 58. Ra6+ Bc6 59. Rb6 Re4+ 60. Kg3 Nf5+ 61. Kg2 Nd4 62.
Kg3 Kf5 63. Rb8 Rg4+ 64. Kf2 Rg2+ 65. Ke3 Ne6 66. Rh8 Rg3+ 67. Kd2 Rg5 68. Rc8 Bd5 69.
Rb8 Ke4 70. Rb4+ Nd4 71. Kc3 Rg3+ 72. Kd2 Rg2+ 73. Ke1 Ke3 74. Kf1 Rf2+ 75. Kg1 Ne2# 0-1

[Event "Late-Titled-Tuesday-Blitz-April-16-2024"]
[Site "Chess.com"]
[Date "2024.04.16"]
[Round "4"]
[White "katharinareinecke"]
[Black "simaopdias"]
[Result "1-0"]
[WhiteElo "2020"]
[BlackElo "2244"]
[TimeControl "180+1"]
[EndTime "14:38:45 PDT"]
[Termination "katharinareinecke won by resignation"]

1. d4 Nf6 2. Nf3 d5 3. g3 e6 4. Bg2 Be7 5. O-O O-O 6. c4 b6 7. cxd5 exd5 8. a3 h6 9. b4 Be6 10. Bb2 Nbd7 11. Nbd2 c5 12. dxc5 bxc5 13. b5 a6 14. a4 Qb6 15. Bxf6 Bxf6 16. Rb1 axb5 17. Rxb5 Qc6 18. e3 Bg4 19. Qb3 Rfb8 20. h3 Be6 21.
Qb1 Rb6 22. Rxb6 Nxb6 23. e4 d4 24. e5 Be7 25. Ng5 Qxg2+ 26. Kxg2 Bxg5 27. Qxb6 Bxd2 28. Qxc5 Bc3 29. Rb1 Rxa4 30. Rb8+ Kh7 31. Qc6 Ra5 32. Qe8 Bd5+ 33. Kh2 Ra1 34. g4 d3 35. Qg8+ Kg6 36. Rb6+ Be6 37. Rxe6+ fxe6 38. Qxe6+ Kh7 39. Qf5+ Kh8 40.
Qf8+ Kh7 41. Qf5+ Kh8 42. Qc8+ Kh7 43. Qxc3 Rd1 44. Kg3 Kg6 45. Qc6+ Kh7 46. Qd6 d2 47. Kg2 Kh8 48. e6 Kh7 49. e7 Re1 50. Qxd2 Rxe7 51. Qd3+ Kh8 52. f4 Ra7 53. Kg3 Kg8 54. h4 Re7 55. Qd8+ Kf7 56. Qd5+ Kf8 57. f5 Re3+ 58. Kf4 Re7 59. g5 hxg5+ 60. hxg5 Re8 61. g6 Re7 62. Qd8+ Re8 63. Qd6+ Re7 64. Qd5 Ke8 65. Qg8+ Kd7 66. Kg5 Kd6 67. f6 Kd7 68. f7 Re5+ 69. Kf4 Re1 70.
f8=Q Rf1+ 71. Kg5 Rxf8 72. Qxf8 Ke6 73. Qxg7 Kd6 74. Qf7 1-0